 Dungeon Crawl Stone Soup version 0.19.0-19-g8c6edcc (webtiles) character file.

226066 Charly the Executioner (level 18, -14/262 HPs)
             Began as a Deep Dwarf Berserker on Nov 15, 2016.
             Was a High Priest of Trog.
             Demolished by a Hell Sentinel (20 damage)
             ... summoned by an orange crystal statue
             ... on level 4 of the Abyss.
             The game lasted 01:37:56 (9190 turns).

Charly the Executioner (Deep Dwarf Berserker)       Turns: 9190, Time: 01:37:57

Health: -14/262    AC: 31    Str: 28      XL:     18   Next: 20%
Magic:  9/18       EV: 28    Int:  0 (6)  God:    Trog [*****.]
Gold:   1398       SH:  0    Dex: 20 (22) Spells: 0 memorised, 17 levels left

rFire  . . .     SeeInvis .     b - +3 executioner's axe (freeze)
rCold  . . .     Gourm    .     i - +5 plate armour "Wepaull" {Dex+4 Stlth+}
rNeg   + . .     Faith    .     (shield currently unavailable)
rPois  +         Spirit   .     g - +1 helmet
rElec  .         Reflect  .     H - +2 cloak {rPois}
rCorr  .         Harm     .     D - +2 pair of gloves
MR     ++...     Rnd*Rage +     x - +2 pair of boots
Stlth  ..........               (no amulet)
                                L - +4 ring of evasion
                                q - +5 ring of evasion

@: berserking, very slightly contaminated, non-regenerating, hasted and slowed,
lost intelligence
A: damage resistance, recharge devices, berserk 2, deformed body, deterioration
1, dopey 1, negative energy resistance 1, sense surroundings 3, slow
regeneration 3, subdued magic 1
a: Device Recharging, Berserk, Trog's Hand, Brothers in Arms, Burn Spellbooks,
Renounce Religion
}: 2/15 runes: decaying, gossamer


You were on level 4 of the Abyss.
You worshipped Trog.
Trog was extremely pleased with you.
You were near starving.

You visited 6 branches of the dungeon, and saw 34 of its levels.
You visited the Abyss 1 time.
You also visited: Ice Cave and Volcano.

You collected 1785 gold pieces.
You spent 387 gold pieces at shops.

Inventory:

Hand Weapons
 a - the +5 war axe "Jellyslayer" {vamp, rElec rC+ Str+4 Int+2}
   (You found it on level 8 of the Dungeon)

   It inflicts no extra harm, but heals its wielder when it wounds a living foe.
   It affects your strength (+4).
   It affects your intelligence (+2).
   It protects you from cold.
   It insulates you from electricity.
 b - a +3 executioner's axe of freezing (weapon)
 w - a +2 antimagic battleaxe
 R - a +5 antimagic broad axe
Missiles
 d - 4 throwing nets (quivered)
Armour
 g - a +1 helmet (worn)
 i - the +5 plate armour "Wepaull" (worn) {Dex+4 Stlth+}
   (You found it on level 11 of the Dungeon)

   It affects your dexterity (+4).
   It makes you more stealthy.
 r - a +0 cloak
 x - a +2 pair of boots (worn)
 D - a +2 pair of gloves (worn)
 H - a +2 cloak of poison resistance (worn)
Jewellery
 c - an uncursed ring of protection from cold
 n - an uncursed ring of positive energy
 q - a +5 ring of evasion (left hand)
 L - a +4 ring of evasion (right hand)
 N - an uncursed amulet of regeneration {unknown}
 P - a +5 ring of strength
Wands
 j - a wand of polymorph (4/24)
 l - a wand of confusion (0/48)
 p - a wand of slowing (15/48)
 u - a wand of heal wounds (3/9)
 B - a wand of enslavement (8/24)
 O - a wand of digging (16/24)
Scrolls
 f - 5 scrolls of teleportation
 h - 3 scrolls of immolation
 y - 10 scrolls of remove curse
 M - 3 scrolls of fear
 S - a scroll of holy word
Potions
 k - a potion of cure mutation
 m - 2 potions of flight
 o - a potion of brilliance
 s - a potion of haste
 t - a potion of berserk rage
 v - 3 potions of ambrosia
 z - 2 potions of lignification
 A - a potion of might
 C - 3 potions of curing
 E - 5 potions of agility
 J - 3 potions of cancellation
Miscellaneous
 e - a fan of gales
Comestibles
 F - 6 bread rations
 I - 2 meat rations
 K - a fruit


   Skills:
 + Level 14.2 Fighting
 + Level 21.2 Axes
 + Level 16.0 Armour
 + Level 16.0 Dodging
 + Level 4.6 Evocations


You had 17 spell levels left.
You didn't know any spells.

Dungeon Overview and Level Annotations

Branches:
Dungeon (15/15)              Lair (6/6) D:11          Swamp (4/4) Lair:2
 Spider (4/4) Lair:3        Slime (0/5) Lair:5          Orc (2/2) D:10
    Elf (0/3) Orc:2        Depths (3/5) D:15
 Temple: D:4-7       Vaults: D:13-14

Altars:
Fedhas
Gozag
Qazlal
Uskayaw
The Shining One
Beogh
Lugonu

Shops:
Orc:2 (   Depths:1 [((!   Depths:2 [

Portals:
Hell: Depths:1
Abyss: Depths:3

Annotations:
Lair:5 exclusion: 2 oklob plants
Spider:3 exclusion: Roxanne, Roxanne
Orc:2 Saint Roka


Innate Abilities, Weirdness & Mutations

You are resistant to damage.
You can recharge devices by infusing magical energy.
You resist negative energy. (rN+)
You passively map a large area around you.
You do not regenerate.
Your body sometimes deteriorates upon taking damage.
[You often lose your temper in combat.]
[Armour fits poorly on your strangely shaped body.]
[You are dopey. (Int -2)]
[Your spells are a little easier to cast, but a little less powerful.]


Message History

You closely miss the neqoxec. You barely miss the cacodemon.
The cacodemon misses you. x2; The orange demon completely misses you.
The Hell Sentinel misses you.
The Hell Sentinel completely misses you.
The quasit completely misses you.
The quasit claws you but does no damage.
The quasit barely misses you.
Unknown command.
You barely miss the Hell Sentinel.
The Hell Sentinel is severely wounded.
You slash the neqoxec! You freeze the neqoxec. You slice the wraith!!
You freeze the wraith. You miss the quasit. You slice the cacodemon!!
You freeze the cacodemon! The wraith misses you. The cacodemon hits you!
* * * LOW HITPOINT WARNING * * *
The cacodemon hits you but does no damage.
The neqoxec gestures at you.
You feel dopey. Something feeds on your intellect!
The orange demon closely misses you. The Hell Sentinel hits you!!
You die...

# ..#### ##.≈8 #
##..≈≈ .#
######... . # #.
#.#...... .
#..##.## ....... .
#......#55X......
## .#...314##... #
#...#W@25.##..≈≈ .
.
........5...##.≈8
.....(...#.3.####
..............#.#
. #..3........
X..#.
...#..♣....≈......
# . #.#.#...... ..
# ..#†......##.###
)# .#


You could see a Hell Sentinel, a cacodemon, a soul eater, an orange demon, 2
large abominations, 2 neqoxecs, a wraith, 2 iron imps, a quasit and an ufetubus.

Vanquished Creatures
  Bai Suzhen (Depths:2)
  A profane servitor (Abyss:4)
  A bone dragon (Abyss:4)
  2 liches (Abyss:4)
  2 thorn hunters (Swamp:4)
  2 tentacled starspawn (Abyss:4)
  A frost giant (Depths:1)
  3 ghost moths (Spider:4)
  A balrug (Abyss:4)
  4 emperor scorpions
  5 stone giants
  4 very ugly things
  A red draconian (Volcano)
  A yellow draconian (Abyss:4)
  2 ettins (Depths:1)
  3 jiangshi
  A fire dragon (Depths:1)
  15 hydras
  Erolcha (Orc:1)
  An ice dragon (Depths:1)
  2 ghost crabs (Swamp:4)
  A rakshasa (D:15)
  4 centaur warriors
  7 alligators
  An ogre mage (Volcano)
  A deep troll earth mage (Depths:2)
  2 deep troll shamans
  4 hell hogs (Abyss:4)
  10 death yaks (Lair:6)
  3 thrashing horrors (Abyss:4)
  2 vampire magi
  3 tengu warriors (Depths:1)
  A spriggan (Swamp:4)
  A sun demon (Abyss:4)
  A titan skeleton (Abyss:4)
  5 wretched stars (Abyss:4)
  3 sixfirhies (Abyss:4)
  A spatial maelstrom (Abyss:4)
  A salamander mystic (Depths:2)
  A spriggan druid (Swamp:4)
  6 deep trolls
  A hill giant (D:15)
  45 starcursed masses (Abyss:4)
  A glowing orange brain (Abyss:4)
  8 swamp dragons
  2 shambling mangroves (Swamp:4)
  2 orc knights
  A tengu zombie (Depths:1)
  13 ugly things
  12 wolf spiders
  A necromancer (Depths:1)
  A phantasmal warrior (Abyss:4)
  2 salamanders (Depths:2)
  A deep elf mage (Abyss:4)
  A fire giant zombie (Depths:1)
  A tengu skeleton (Depths:1)
  3 cyclopes
  A worldbinder (Abyss:4)
  2 manticores
  A faun (shapeshifter) (D:15)
  14 orb spiders
  The ghost of inmateoo the Covert, a novice FeWn of Makhleb (D:10)
  A salamander (shapeshifter) (D:15)
  3 moths of wrath
  A guardian serpent (Lair:6)
  5 black mambas (Lair:6)
  3 ice statues (IceCv)
  4 apocalypse crabs (Abyss:4)
  5 elephants (Lair:6)
  A guardian serpent (shapeshifter) (Depths:2)
  14 spiny frogs
  2 torpor snails
  A molten gargoyle (Volcano)
  2 smoke demons (Abyss:4)
  A kobold demonologist (D:9)
  5 rime drakes
  3 komodo dragons
  4 ancient zymes (Abyss:4)
  4 tengu conjurers
  A red devil (Abyss:4)
  15 demonic crawlers
  A spriggan skeleton (Depths:1)
  9 trolls
  24 jumping spiders
  3 hellwings (Abyss:4)
  9 polar bears
  2 tyrant leeches (Swamp:3)
  5 two-headed ogres (Volcano)
  29 blink frogs
  18 hornets
  23 raiju
  14 slime creatures
  4 bog bodies (Swamp:4)
  19 tarantellas
  A flying skull (Abyss:4)
  52 redbacks
  15 large abominations (Abyss:4)
  A fire dragon skeleton (Depths:1)
  2 water elementals (Depths:1)
  A wraith (D:15)
  9 wyverns
  14 yaks (Lair:6)
  2 steam dragons
  A basilisk (Lair:1)
  3 chaos spawn (Abyss:4)
  6 neqoxecs (Abyss:4)
  6 fire bats
  A golden eye (shapeshifter) (Depths:1)
  A mottled dragon (shapeshifter) (Abyss:4)
  3 vampire mosquitoes (Swamp:4)
  6 wargs
  2 mottled dragons (D:12)
  6 insubstantial wisps (Swamp:4)
  11 swamp worms
  A soldier ant (D:12)
  4 hell hounds (Lair:6)
  10 water moccasins
  Duvessa (D:6)
  4 porcupines
  18 swamp drakes
  14 black bears
  7 ice beasts
  4 necrophages (Swamp:2)
  18 orc warriors
  2 sky beasts
  7 ogres
  18 wolves
  An eye of draining (Abyss:4)
  7 boggarts
  The ghost of Pihi the Firebug, an amateur DrFE (D:3)
  9 centaurs
  3 crocodiles
  2 big kobolds
  A small abomination (Abyss:4)
  An earth elemental (Abyss:4)
  9 bullfrogs
  Dowan (D:6)
  3 scorpions
  8 wights
  2 electric eels (Spider:4)
  A crimson imp (D:11)
  3 lava snakes (Volcano)
  7 jellies (Lair:5)
  9 orc priests
  15 hounds
  2 centaur skeletons
  2 iron imps
  16 orc wizards
  5 worker ants
  A killer bee zombie (D:9)
  Robin (D:2)
  4 gnolls (D:9)
  11 adders
  A shadow imp (D:11)
  2 white imps (Abyss:4)
  An ooze (D:1)
  An adder skeleton (D:9)
  A leopard gecko (D:6)
  52 orcs
  5 bats
  2 giant cockroaches
  9 goblins
  8 hobgoblins
  2 jackals (D:9)
  4 kobolds
  2 quokkas
  5 hobgoblin zombies (D:9)
  2 orc skeletons (D:9)
  An orc zombie (D:9)
  A quokka zombie (D:5)
  4 rats
  A fire vortex (Abyss:4)
  4 fungi
  A lurking horror (Abyss:4)
  A plant (Lair:6)
  5 starspawn tentacles (Abyss:4)
952 creatures vanquished.

Vanquished Creatures (collateral kills)
  The ghost of Nicoed the Tortoise, an adept FoFi of Okawaru (Spider:4)
  The ghost of cedor the Grand Scion, an adept DsMo of Hepliaklqana (Spider:4)
  The ghost of PeterLawrence the Cleaver, a journeyman MiFi of Okawaru (Volcano)
  A hydra (Swamp:2)
  A wizard (D:9)
  An orb spider (Spider:4)
  A wolf spider (Spider:4)
  A gargoyle (D:9)
  A jumping spider (Spider:4)
  A tyrant leech (Swamp:2)
  3 fire bats (Volcano)
  A swamp drake (Swamp:2)
  2 lava snakes (Volcano)
  A bullfrog zombie (D:9)
17 creatures vanquished.

Vanquished Creatures (others)
  A very ugly thing (Swamp:4)
  A tyrant leech (Swamp:4)
  A redback (Spider:1)
  A tarantella (Spider:4)
  A starcursed mass (Abyss:4)
  A hound (Lair:6)
  An orc (Orc:2)
  A briar patch (Swamp:4)
  16 fungi
  A lurking horror (Abyss:4)
  15 plants
  7 starspawn tentacles (Abyss:4)
47 creatures vanquished.

Grand Total: 1016 creatures vanquished

Notes
Turn   | Place    | Note
-------+----------+-------------------------------------------
     0 | D:1      | Charly the Deep Dwarf Berserker began the quest for the Orb.
     0 | D:1      | Reached XP level 1. HP: 20/20 MP: 1/1
    11 | D:1      | Reached XP level 2. HP: 27/27 MP: 2/2
    12 | D:1      | Reached skill level 4 in Axes
    44 | D:2      | Found an opulent altar of Gozag.
    66 | D:2      | Noticed Robin
    76 | D:2      | Killed Robin
    76 | D:2      | Reached XP level 3. HP: 24/33 MP: 3/3
    88 | D:2      | Reached ** piety under Trog
   152 | D:2      | Reached skill level 5 in Axes
   158 | D:3      | Noticed Pihi's ghost (amateur DrFE)
   173 | D:3      | Killed Pihi's ghost
   173 | D:3      | Reached skill level 6 in Axes
   173 | D:3      | Reached XP level 4. HP: 33/40 MP: 4/4
   225 | D:5      | Entered Level 5 of the Dungeon
   334 | D:6      | Reached XP level 5. HP: 30/46 MP: 5/5
   394 | D:6      | Noticed Duvessa
   394 | D:6      | Noticed Dowan
   404 | D:6      | Killed Duvessa
   404 | D:6      | Reached skill level 7 in Axes
   404 | D:6      | Reached XP level 6. HP: 55/55 MP: 6/6
   406 | D:6      | Killed Dowan
   408 | D:6      | Reached skill level 8 in Axes
   536 | D:6      | Noticed a water moccasin
   541 | D:6      | Reached XP level 7. HP: 61/61 MP: 7/7
   547 | D:6      | Reached skill level 9 in Axes
   593 | D:7      | Found a runed door.
   597 | D:7      | Noticed Crazy Yiuf
   598 | D:7      | Noticed Crazy Yiuf
   598 | D:7      | Crazy Yiuf changed into Crazy Yiuf the porcupine
   601 | D:7      | Killed Crazy Yiuf the porcupine
   723 | D:7      | Reached skill level 10 in Axes
   785 | D:7      | Reached XP level 8. HP: 64/68 MP: 8/8
   840 | D:8      | Found a stormy altar of Qazlal.
   875 | D:8      | Got a slimy war axe
   879 | D:8      | Identified the +5 war axe "Jellyslayer" {vamp, rElec rC+ Str+4 Int+2} (You found it on level 8 of the Dungeon)
   897 | D:9      | Reached *** piety under Trog
   914 | D:9      | Reached skill level 11 in Axes
   943 | D:9      | Found a glowing golden altar of the Shining One.
   975 | D:9      | Noticed a kobold demonologist
   976 | D:9      | Noticed a gargoyle
   982 | D:9      | Killed a kobold demonologist
   989 | D:9      | Noticed a wizard
   991 | D:9      | Killed a gargoyle
   991 | D:9      | Reached skill level 12 in Axes
  1002 | D:9      | Killed a wizard
  1002 | D:9      | Gained mutation: You passively map the area around you. [Deep Dwarf growth]
  1002 | D:9      | Reached XP level 9. HP: 74/74 MP: 9/9
  1005 | D:9      | Noticed a troll
  1018 | D:9      | Killed a troll
  1018 | D:9      | Reached skill level 13 in Axes
  1058 | D:9      | Noticed a purple ugly thing
  1068 | D:9      | Killed a purple ugly thing
  1074 | D:9      | Noticed a flayed ghost
  1074 | D:9      | Noticed a flayed ghost
  1076 | D:9      | Noticed a six-headed hydra
  1129 | D:8      | Reached skill level 14 in Axes
  1216 | D:10     | Entered Level 10 of the Dungeon
  1241 | D:10     | Noticed inmateoo's ghost (novice FeWn)
  1250 | D:10     | Killed inmateoo's ghost
  1286 | D:10     | Reached **** piety under Trog
  1345 | D:10     | Noticed a cyclops
  1351 | D:10     | Killed a cyclops
  1351 | D:10     | Reached skill level 15 in Axes
  1351 | D:10     | Reached XP level 10. HP: 81/81 MP: 10/10
  1380 | D:9      | Found a blossoming altar of Fedhas.
  1381 | D:9      | Found a hide-covered altar of Uskayaw.
  1467 | D:10     | Noticed a manticore
  1475 | D:10     | Killed a manticore
  1521 | D:11     | Got a faintly humming plate armour
  1532 | D:11     | Identified the +5 plate armour "Wepaull" {Dex+4 Stlth+} (You found it on level 11 of the Dungeon)
  1535 | D:11     | Noticed a white ugly thing
  1537 | D:11     | Noticed a five-headed hydra
  1556 | D:11     | Killed a white ugly thing
  1644 | D:12     | Noticed a brown ugly thing
  1652 | D:12     | Killed a brown ugly thing
  1652 | D:12     | Reached skill level 16 in Axes
  1680 | D:11     | Found a staircase to the Lair.
  1708 | D:11     | Killed a 12-headed hydra
  1718 | D:11     | Noticed a cyclops
  1731 | D:11     | Killed a cyclops
  1838 | D:10     | Reached XP level 11. HP: 93/93 MP: 11/11
  1845 | D:10     | Found a staircase to the Orcish Mines.
  1855 | Orc:1    | Entered Level 1 of the Orcish Mines
  1863 | Orc:1    | Noticed Erolcha
  1868 | Orc:1    | Killed Erolcha
  1868 | Orc:1    | Reached skill level 5 in Armour
  1868 | Orc:1    | Reached skill level 5 in Dodging
  1873 | Orc:1    | Reached ***** piety under Trog
  1873 | Orc:1    | Received a gift from Trog
  1927 | Orc:1    | Noticed an orc knight
  1941 | Orc:1    | Killed an orc knight
  1941 | Orc:1    | Reached skill level 5 in Fighting
  1995 | Orc:2    | Entered Level 2 of the Orcish Mines
  2004 | Orc:2    | Noticed an orc knight
  2018 | Orc:2    | Killed an orc knight
  2027 | Orc:2    | Found a staircase to the Elven Halls.
  2091 | Orc:2    | Found a roughly hewn altar of Beogh.
  2094 | Orc:2    | Found Cahotzut's Weapon Emporium.
  2102 | Orc:2    | Received a gift from Trog
  2108 | Orc:2    | Bought a throwing net for 30 gold pieces
  2192 | Orc:2    | Found a roughly hewn altar of Beogh.
  2255 | Orc:2    | Found a roughly hewn altar of Beogh.
  2291 | Orc:2    | Received a gift from Trog
  2310 | Orc:2    | Found a roughly hewn altar of Beogh.
  2350 | Orc:2    | Found a roughly hewn altar of Beogh.
  2351 | Orc:2    | Noticed Saint Roka
  2530 | Lair:1   | Entered Level 1 of the Lair of Beasts
  2644 | Lair:3   | Reached XP level 12. HP: 106/106 MP: 12/12
  2645 | Lair:3   | Found a frozen archway.
  2652 | IceCv    | Entered an ice cave
  2781 | IceCv    | Reached skill level 17 in Axes
  2801 | IceCv    | Got a scorched plate armour
  2816 | IceCv    | Identified the +0 plate armour of Iheibecimn {+Blink rC+ Int-2 SInv} (You found it in an ice cave)
  3101 | Lair:5   | Found a staircase to the Slime Pits.
  3107 | Lair:6   | Entered Level 6 of the Lair of Beasts
  3116 | Lair:6   | Received a gift from Trog
  3298 | Lair:6   | Noticed a five-headed hydra
  3311 | Lair:6   | Killed a 12-headed hydra
  3311 | Lair:6   | Reached XP level 13. HP: 117/117 MP: 13/13
  3388 | Lair:6   | Received a gift from Trog
  3434 | Lair:6   | Reached skill level 10 in Dodging
  3435 | Lair:6   | Reached skill level 10 in Armour
  3488 | Lair:6   | Reached skill level 18 in Axes
  3543 | Lair:6   | Found a dark tunnel.
  3549 | Volcano  | Entered a volcano
  3580 | Volcano  | Noticed PeterLawrence's ghost (journeyman MiFi)
  3592 | Volcano  | Killed PeterLawrence's ghost
  3652 | Volcano  | Found a burning altar of Makhleb.
  3711 | Volcano  | Noticed a red draconian
  3726 | Volcano  | Killed a red draconian
  3821 | Lair:6   | Received a gift from Trog
  3826 | Lair:6   | Got a scorched battleaxe {god gift}
  3954 | Lair:6   | Gained mutation: You resist negative energy. (rN+) [Deep Dwarf growth]
  3954 | Lair:6   | Reached XP level 14. HP: 127/130 MP: 14/14
  4088 | Lair:6   | Identified the +1 battleaxe "Risok" {chop, Dex+3} (Trog gifted it to you on level 6 of the Lair of Beasts)
  4238 | Lair:6   | Reached skill level 10 in Fighting
  4355 | Lair:3   | Found a hole to the Spider Nest.
  4372 | Spider:1 | Entered Level 1 of the Spider Nest
  4380 | Spider:1 | Reached ****** piety under Trog
  4416 | Spider:1 | Received a gift from Trog
  4487 | Spider:2 | Received a gift from Trog
  4590 | Spider:2 | Noticed an emperor scorpion
  4603 | Spider:2 | Killed an emperor scorpion
  4676 | Spider:3 | Noticed Roxanne
  4684 | Spider:4 | Entered Level 4 of the Spider Nest
  4690 | Spider:4 | Noticed cedor's ghost (adept DsMo)
  4855 | Spider:4 | Killed a ghost moth
  5005 | Spider:4 | Noticed Nicoed's ghost (adept FoFi)
  5031 | Spider:4 | Reached XP level 15. HP: 109/141 MP: 15/15
  5037 | Spider:4 | Reached skill level 19 in Axes
  5040 | Spider:4 | Killed Nicoed's ghost
  5083 | Spider:4 | Killed cedor's ghost
  5215 | Spider:4 | Killed a ghost moth
  5215 | Spider:4 | Received a gift from Trog
  5436 | Spider:4 | Killed a ghost moth
  5575 | Spider:4 | Got a gossamer rune of Zot
  5853 | Lair:2   | Found a staircase to the Swamp.
  5881 | Swamp:1  | Entered Level 1 of the Swamp
  6235 | Swamp:3  | Received a gift from Trog
  6358 | Swamp:4  | Entered Level 4 of the Swamp
  6505 | Swamp:3  | Reached XP level 16. HP: 149/152 MP: 16/16
  6732 | Swamp:4  | Noticed a thorn hunter
  6751 | Swamp:4  | Received a gift from Trog
  6752 | Swamp:4  | Killed a thorn hunter
  6805 | Swamp:4  | Reached skill level 20 in Axes
  6928 | Swamp:4  | Got a decaying rune of Zot
  6952 | Swamp:4  | Noticed a thorn hunter
  6966 | Swamp:4  | Killed a thorn hunter
  7359 | D:15     | Entered Level 15 of the Dungeon
  7514 | D:15     | Found a staircase to the Depths.
  7521 | D:15     | Received a gift from Trog
  7564 | Depths:1 | Entered Level 1 of the Depths
  7774 | Depths:1 | Found a gateway to Hell.
  7810 | Depths:1 | Found Faobuk's Antique Armour Shop.
  7812 | Depths:1 | Found Otadidgh's Weapon Boutique.
  7814 | Depths:1 | Found Ycamathej's Antique Weapon Shop.
  7862 | Depths:1 | Found Woxitoq's Distillery.
  7885 | Depths:1 | Reached XP level 17. HP: 163/163 MP: 17/17
  7935 | Depths:2 | Noticed Bai Suzhen
  7952 | Depths:2 | Killed Bai Suzhen
  8010 | Depths:1 | Reached skill level 15 in Dodging
  8054 | Depths:2 | Reached skill level 15 in Armour
  8099 | Depths:2 | Received a gift from Trog
  8186 | Depths:2 | Found Gammoebb's Antique Armour Emporium.
  8190 | Depths:2 | Bought a runed cloak for 357 gold pieces
  8368 | Depths:3 | Found a corrupted altar of Lugonu.
  8368 | Depths:3 | Found a one-way gate to the infinite horrors of the Abyss.
  8376 | Depths:3 | Voluntarily entered the Abyss.
  8538 | Abyss:4  | Noticed a lich
  8560 | Abyss:4  | Killed a lich
  8579 | Abyss:4  | Noticed a Hell Sentinel
  8668 | Abyss:4  | Noticed a bone dragon
  8682 | Abyss:4  | Killed a bone dragon
  8707 | Abyss:4  | Paralysed by you for 2 turns
  8835 | Abyss:4  | Reached skill level 1 in Evocations
  8836 | Abyss:4  | Received a gift from Trog
  8889 | Abyss:4  | Noticed a profane servitor
  8897 | Abyss:4  | Reached skill level 21 in Axes
  8908 | Abyss:4  | Killed a profane servitor
  8996 | Abyss:4  | Paralysed by accursed screaming for 1 turns
  9002 | Abyss:4  | Gained mutation: You passively map a large area around you. [Deep Dwarf growth]
  9002 | Abyss:4  | Reached XP level 18. HP: 102/175 MP: 8/20
  9064 | Abyss:4  | Noticed a lich
  9085 | Abyss:4  | Killed a lich
  9111 | Abyss:4  | Gained mutation: [You tend to lose your temper in combat.] [a neqoxec]
  9114 | Abyss:4  | Gained mutation: Your body sometimes deteriorates upon taking damage. [a neqoxec]
  9125 | Abyss:4  | Received a gift from Trog
  9133 | Abyss:4  | Paralysed by accursed screaming for 1 turns
  9140 | Abyss:4  | Lost intelligence.
  9155 | Abyss:4  | Noticed a Hell Sentinel
  9161 | Abyss:4  | Paralysed by accursed screaming for 2 turns
  9164 | Abyss:4  | Received a gift from Trog
  9171 | Abyss:4  | Paralysed by accursed screaming for 2 turns
  9188 | Abyss:4  | HP: 11/262 [cacodemon (5)]
  9190 | Abyss:4  | Demolished by a Hell Sentinel

Skill      XL: |  1  2  3  4  5  6  7  8  9 10 11 12 13 14 15 16 17 18 |
---------------+-------------------------------------------------------+-----
Axes           | 4 6 7 8 10 12 15 16 17 18 19 20 21 | 21.2
Fighting       | 4 6 8 9 11 12 13 14 | 14.2
Armour         | 4 7 9 11 12 13 14 15 16 | 16.0
Dodging        | 4 7 9 11 12 13 14 15 16 | 16.0
Evocations     | 3 4 |  4.6

Action                   |  1- 3 |  4- 6 |  7- 9 | 10-12 | 13-15 | 16-18 || total
-------------------------+-------+-------+-------+-------+-------+-------++-------
Melee: Hand axe          |    70 |    42 |    33 |       |       |       ||   145
       War axe           |       |       |   113 |   638 |  1175 |   448 ||  2374
       Broad axe         |       |       |       |       |    33 |   182 ||   215
       Executioner's axe |       |       |       |       |       |   368 ||   368
       Battleaxe         |       |       |       |       |       |    24 ||    24
Invok: Berserk           |     3 |     3 |     5 |     6 |    13 |    17 ||    47
       Trog's Hand       |     1 |       |     1 |     1 |     3 |    15 ||    21
       Burn Spellbooks   |       |       |       |     1 |     2 |     1 ||     4
       Brothers in Arms  |       |       |       |       |     4 |       ||     4
 Abil: Device Recharging |       |       |       |       |       |     3 ||     3
Evoke: Wand              |     1 |     1 |     1 |     3 |     6 |    16 ||    28
  Use: Scroll            |       |       |     8 |    10 |    14 |     6 ||    38
       Potion            |       |       |     1 |       |     3 |     7 ||    11
 Stab: Confused          |       |       |       |       |     2 |       ||     2
       Distracted        |       |       |       |       |       |     1 ||     1
  Eat: Chunk             |       |     4 |     6 |    10 |    24 |    12 ||    56
       Fruit             |       |       |     6 |       |     2 |     3 ||    11
       Bread ration      |       |       |     1 |       |       |       ||     1
       Royal jelly       |       |       |       |       |     6 |     7 ||    13
       Pizza             |       |       |       |       |       |     4 ||     4
       Beef jerky        |       |       |       |       |       |     1 ||     1
       Meat ration       |       |       |       |       |       |     2 ||     2
Armor: Animal skin       |    12 |     3 |       |       |       |       ||    15
       Scale mail        |       |     7 |    30 |       |       |       ||    37
       Mottled dragon sc |       |       |    12 |    10 |       |       ||    22
       Plate armour      |       |       |       |   249 |   683 |   406 ||  1338
       Swamp dragon scal |       |       |       |       |       |    34 ||    34
       Skin              |       |       |       |       |       |     1 ||     1
Dodge: Dodged            |    45 |    20 |    83 |   523 |  1945 |  1347 ||  3963
